 Dungeon Crawl Stone Soup version 0.21-a0-444-g29a2fec (webtiles) character file.

20297 Zeege the Arsonist (level 12, -18/75 HPs)
             Began as a Gargoyle Fire Elementalist on Nov 17, 2017.
             Was an Elder of Vehumet.
             Killed from afar by a lindwurm (45 damage)
             ... with a blast of flame
             ... summoned by Kirke
             ... on level 4 of the Lair of Beasts.
             The game lasted 01:35:16 (16747 turns).

Zeege the Arsonist (Gargoyle Fire Elementalist)    Turns: 16747, Time: 01:35:17

Health: -18/75     AC:  0    Str: 12    XL:     12   Next: 78%
Magic:  16/25      EV: 14    Int: 23    God:    Vehumet [****..]
Gold:   910        SH:  0    Dex: 12    Spells: 13/30 levels left

rFire    . . .     SeeInvis .   (weapon currently unavailable)
rCold    . . .     Gourm    .   (shield currently unavailable)
rNeg     + . .     Faith    .   (armour currently unavailable)
rPois    ∞         Spirit   .   (helmet currently unavailable)
rElec    .         Reflect  .   (cloak currently unavailable)
rCorr    .         Harm     .   (gloves currently unavailable)
MR       .....                  (boots currently unavailable)
Stlth    ++........             n - amulet of rage
HPRegen  0.22/turn              (ring currently unavailable)
MPRegen  0.19/turn              (ring currently unavailable)

@: pig-form, slowed
A: agile 1, blurry vision 1, clever 1, negative energy resistance 1,
petrification resistance, rot immunity, AC +8
a: Renounce Religion, Evoke Berserk Rage


You were on level 4 of the Lair of Beasts.
You worshipped Vehumet.
Vehumet was greatly pleased with you.
You were not hungry.
You were a filthy swine.
You visited 3 branches of the dungeon, and saw 16 of its levels.

You collected 910 gold pieces.

Inventory:

Hand Weapons
 r - a +3 quarterstaff of chaos
Armour
 j - a +0 helmet (melded)
 G - a +0 pair of boots (melded)
 S - +3 steam dragon scales (melded)
 W - a scarf of resistance (melded)
Magical Staves
 E - an uncursed staff of fire (melded)
Jewellery
 n - an amulet of rage (around neck)
 H - a ring of stealth (melded)
Wands
 i - a wand of polymorph (5/24)
 t - a wand of disintegration (8/24)
 y - a wand of iceblast (6/15)
 z - a wand of lightning (5/15)
 B - a wand of disintegration (24/24)
 K - a wand of digging (13/24)
 N - a wand of paralysis (17/24)
 P - a wand of paralysis (18/24)
 X - a wand of iceblast (2/15)
Scrolls
 e - a scroll of teleportation
 f - 4 scrolls of enchant weapon
 g - 3 scrolls of blinking
 q - 4 scrolls of fear
 x - a scroll of recharging
 I - a scroll of fog
 T - 3 scrolls of remove curse
Potions
 a - a potion of magic {unknown}
 h - 2 potions of invisibility
 l - a potion of cancellation {unknown}
 m - 2 potions of flight {unknown}
 o - 11 potions of curing
 p - 4 potions of agility
 s - 2 potions of heal wounds
 v - a potion of mutation
 A - 3 potions of resistance
 C - 3 potions of haste
 F - 2 potions of lignification
 L - 3 potions of might
 Q - 2 potions of degeneration {unknown}
Books
 b - a book of Flames

   Spells                             Type                      Level
   a - Flame Tongue                   Conjuration/Fire             1
   b - Throw Flame                    Conjuration/Fire             2
   c - Conjure Flame                  Conjuration/Fire             3
   d - Inner Flame                    Hexes/Fire                   3
   e - Sticky Flame                   Conjuration/Fire             4
   f - Fireball                       Conjuration/Fire             5
 w - a book of Frost

   Spells                             Type                      Level
   a - Freeze                         Ice                          1
   b - Throw Frost                    Conjuration/Ice              2
   c - Ozocubu's Armour               Charms/Ice                   3
   d - Throw Icicle                   Conjuration/Ice              4
   e - Summon Ice Beast               Ice/Summoning                4
 J - a book of Conjurations

   Spells                             Type                      Level
   a - Magic Dart                     Conjuration                  1
   b - Searing Ray                    Conjuration                  2
   c - Dazzling Spray                 Conjuration/Hexes            3
   d - Fulminant Prism                Conjuration/Hexes            4
   e - Force Lance                    Conjuration/Translocation    4
   f - Iskenderun's Mystic Blast      Conjuration                  4
Miscellaneous
 u - a crystal ball of energy
Comestibles
 c - 6 bread rations
 d - 4 royal jellies
 k - 4 meat rations
 D - 5 chunks of flesh
 M - 4 fruits


   Skills:
 * Level 8.8 Fighting
 + Level 8.0 Staves
 * Level 5.6 Armour
 - Level 1.5 Dodging
 - Level 2.1 Stealth
 + Level 9.7 Spellcasting
 + Level 9.8 Conjurations
 + Level 10.4 Fire Magic
 - Level 0.1 Evocations


You had 13 spell levels left.
You knew the following spells:

 Your Spells              Type           Power        Failure   Level  Hunger
a - Flame Tongue          Conj/Fire      #####        1%          1    None
b - Conjure Flame         Conj/Fire      ######..     1%          3    None
c - Sticky Flame          Conj/Fire      ######..     1%          4    ##.....
d - Fireball              Conj/Fire      ######....   1%          5    ####...
e - Olgreb's Toxic Radia  Pois           ##......     16%         4    ##.....


Dungeon Overview and Level Annotations

Branches:
Dungeon (11/15)            Temple (1/1) D:4            Lair (4/6) D:9
  Swamp (0/4) Lair:3        Snake (0/4) Lair:3          Orc (0/2) D:11

Altars:
Ashenzari
Cheibriados
Dithmenos
Elyvilon
Fedhas
Gozag
Hepliaklqana
Kikubaaqudgha
Makhleb
Nemelex Xobeh
Okawaru
Qazlal
Ru
Sif Muna
Trog
Uskayaw
Vehumet
Wu Jian
Xom
Yredelemnul
Zin
The Shining One

Shops:
D:5 (

Annotations:
Lair:4 Kirke


Innate Abilities, Weirdness & Mutations

You are resistant to torment.
((Your stone body is resilient. (AC +8)))
You are immune to poison.
You resist negative energy. (rN+)
((You are resistant to electric shocks. (rElec)))
((You can survive without breathing.))
You are immune to petrification.
You are immune to rotting.
((You are partially covered in icy blue scales. (AC +2)))
You are agile. (Dex +2)
Scrolls take you a little longer to read.
Your mind is acute. (Int +2)


Message History

The blast of flame hits you! You resist.
Kirke points at you and mumbles some strange words.
You turn into a filthy swine.
Your uncursed staff of fire melds into your body.
Your scarf of resistance melds into your body.
Your +0 helmet melds into your body.
Your +0 pair of boots melds into your body.
Your +3 steam dragon scales melds into your body.
Your ring of stealth melds into your body.
You feel hot and cold all over. Kirke gestures at you while chanting.
You struggle to resist.
The lindwurm breathes flames at you. The blast of flame hits you!
Kirke gestures at you while chanting.
You feel a momentary urge to oink. The lindwurm breathes flames at you.
The blast of flame hits you!
Ouch! That really hurt!
You die...

#.................#
................###
................P.#
..................###
.PP###....).........#
..##................#
.....#..............#
.........#.#........#
+#F###.####.#...h...####
.. ... ##...........# ..
F.. ##...@......##
#.....k...#.#
#...........#
##........###
#...........##
##...........##
#..........#.#


You could see Kirke and a lindwurm.

Vanquished Creatures
  A hydra (Lair:1)
  Urug (Lair:3)
  The ghost of Qupu the Frost Mage, a novice FeIE of Vehumet (D:10)
  A lindwurm (Lair:3)
  The ghost of darxusza the Poker, a novice MfFi of Okawaru (D:6)
  A gargoyle (D:10)
  A black mamba (Lair:3)
  6 spiny frogs
  2 rime drakes
  4 komodo dragons
  5 blink frogs
  2 polar bears
  8 hippogriffs
  12 yaks
  2 wyverns
  A spriggan (D:7)
  7 hogs (Lair:4)
  A basilisk (Lair:2)
  2 steam dragons
  2 hungry ghosts
  2 nagas (Lair:3)
  9 water moccasins
  4 porcupines
  3 sky beasts
  A hornet zombie (D:6)
  3 orc warriors
  2 ice beasts
  A phantom (D:4)
  2 necrophages
  An ogre (D:4)
  5 centaurs
  9 wolves (Lair:1)
  3 crocodiles
  A big kobold (D:7)
  13 bullfrogs
  4 scorpions
  4 killer bees (D:10)
  8 wights
  4 howler monkeys
  3 crimson imps
  A quasit (D:9)
  3 jellies
  4 orc priests
  3 hounds
  Crazy Yiuf (D:3)
  2 bullfrog skeletons
  5 orc wizards
  Jessica (D:3)
  Ijyb (D:3)
  4 iguanas
  7 worker ants
  3 hound skeletons
  6 adders
  12 gnolls
  2 shadow imps
  An ooze (D:2)
  An adder zombie (D:5)
  An adder skeleton (D:6)
  3 worms
  6 dart slugs
  6 leopard geckos
  50 orcs
  9 bats
  5 giant cockroaches
  7 hobgoblins
  12 jackals
  10 kobolds
  3 quokkas
  A ball python (D:1)
  5 frilled lizards
  3 goblins
  8 rats
  A fungus (D:7)
330 creatures vanquished.

Vanquished Creatures (others)
  3 fungi
3 creatures vanquished.

Grand Total: 333 creatures vanquished

Notes
Turn   | Place    | Note
-------+----------+-------------------------------------------
     0 | D:1      | Zeege the Gargoyle Fire Elementalist began the quest for the Orb.
     0 | D:1      | Reached XP level 1. HP: 10/10 MP: 3/3
   273 | D:1      | Reached XP level 2. HP: 15/15 MP: 1/5
   859 | D:1      | Reached XP level 3. HP: 12/19 MP: 1/6
  1240 | D:2      | Learned a level 3 spell: Conjure Flame
  1825 | D:2      | Reached skill level 4 in Fire Magic
  2090 | D:2      | Noticed a bullfrog
  2096 | D:2      | Killed a bullfrog
  2096 | D:2      | Reached XP level 4. HP: 18/24 MP: 2/8
  2096 | D:2      | Reached XP level 5. HP: 21/28 MP: 2/9
  2673 | D:3      | Noticed a centaur
  2708 | D:3      | Noticed Jessica
  2708 | D:3      | Killed a centaur
  2708 | D:3      | Reached skill level 5 in Fire Magic
  3175 | D:3      | Reached XP level 6. HP: 32/32 MP: 11/11
  3254 | D:3      | Found a bloodstained altar of Trog.
  3446 | D:3      | Killed Jessica
  3603 | D:3      | Noticed Ijyb
  3613 | D:3      | Killed Ijyb
  3613 | D:3      | Reached skill level 1 in Fighting
  3735 | D:3      | Found a runed door.
  3838 | D:3      | Reached XP level 7. HP: 31/38 MP: 1/13
  4130 | D:3      | Noticed Crazy Yiuf
  4139 | D:3      | Killed Crazy Yiuf
  4218 | D:4      | Found a staircase to the Ecumenical Temple.
  4226 | Temple   | Entered the Ecumenical Temple
  4234 | Temple   | Became a worshipper of Vehumet
  4530 | D:4      | Found a blossoming altar of Fedhas.
  4539 | D:4      | Reached skill level 6 in Fire Magic
  4912 | D:4      | Reached XP level 8. HP: 39/44 MP: 9/15
  4967 | D:4      | Learned a level 4 spell: Sticky Flame
  4971 | D:5      | Entered Level 5 of the Dungeon
  5244 | D:5      | Reached skill level 5 in Spellcasting
  5249 | D:5      | Gained mutation: You passively map a small area around you. [mutagenic meat]
  5415 | D:5      | Found a sacrificial altar of Ru.
  5425 | D:5      | Found Zeopto's Antique Weapon Shoppe.
  5458 | D:5      | Found a shimmering altar of Xom.
  5540 | D:5      | Reached * piety under Vehumet
  5540 | D:5      | Offered knowledge of Sandblast by Vehumet.
  5553 | D:5      | Reached skill level 5 in Conjurations
  5553 | D:5      | Reached skill level 7 in Fire Magic
  5564 | D:5      | Found a basalt altar of Yredelemnul.
  5564 | D:5      | Found an opulent altar of Gozag.
  5564 | D:5      | Found a stormy altar of Qazlal.
  5691 | D:6      | Reached skill level 1 in Staves
  5751 | D:6      | Noticed darxusza's ghost (novice MfFi)
  6360 | D:6      | Reached XP level 9. HP: 41/49 MP: 12/17
  6966 | D:6      | Killed darxusza's ghost
  6966 | D:6      | Reached ** piety under Vehumet
  7491 | D:7      | Offered knowledge of Magic Dart by Vehumet.
  7506 | D:7      | Learned a level 5 spell: Fireball
  7545 | D:7      | Found a deep blue altar of Sif Muna.
  7594 | D:7      | Reached skill level 5 in Staves
  8287 | D:7      | Got an encrusted scale mail
  8303 | D:7      | Reached skill level 8 in Fire Magic
  8303 | D:7      | Reached XP level 10. HP: 55/58 MP: 10/19
  8872 | D:8      | Noticed a two-headed ogre
  8878 | D:8      | Noticed a two-headed ogre
  8881 | D:8      | Noticed a two-headed ogre
  8983 | D:9      | Found a white marble altar of Elyvilon.
  9002 | D:9      | Identified the +2 scale mail of Okawaru {rPois Str+3 Stlth+} (You found it on level 7 of the Dungeon)
  9046 | D:9      | Reached skill level 5 in Fighting
  9380 | D:9      | Found a staircase to the Lair.
  9511 | D:9      | Offered knowledge of Static Discharge by Vehumet.
  9820 | D:10     | Entered Level 10 of the Dungeon
 10053 | D:10     | Noticed a gargoyle
 10135 | D:11     | Reached *** piety under Vehumet
 10228 | D:11     | Found a staircase to the Orcish Mines.
 10396 | D:10     | Found a stormy altar of Qazlal.
 10427 | D:10     | Killed a gargoyle
 10427 | D:10     | Offered knowledge of Airstrike by Vehumet.
 11021 | D:10     | Noticed Qupu's ghost (novice FeIE)
 11047 | D:10     | Killed Qupu's ghost
 11211 | D:10     | Reached XP level 11. HP: 64/64 MP: 7/22
 11223 | D:10     | Reached skill level 9 in Fire Magic
 11735 | D:9      | Learned a level 4 spell: Iskenderun's Mystic Blast
 11736 | Lair:1   | Entered Level 1 of the Lair of Beasts
 11736 | Lair:1   | Noticed an eight-headed hydra
 11923 | Lair:1   | Killed an eight-headed hydra
 11923 | Lair:1   | Reached skill level 1 in Armour
 12168 | Lair:1   | Reached **** piety under Vehumet
 12407 | Lair:1   | Offered knowledge of Olgreb's Toxic Radiance by Vehumet.
 12682 | Lair:1   | Identified a scroll of acquirement
 14355 | Lair:3   | Found a staircase to the Snake Pit.
 14386 | Lair:3   | Noticed Urug
 14391 | Lair:3   | Killed Urug
 14391 | Lair:3   | Reached XP level 12. HP: 65/73 MP: 7/24
 15066 | Lair:3   | Found a staircase to the Swamp.
 15088 | Lair:3   | Reached skill level 10 in Fire Magic
 15332 | Lair:3   | Lost mutation: You passively map a small area around you. [potion of mutation]
 15332 | Lair:3   | Gained mutation: You are partially covered in icy blue scales. (AC +2) [potion of mutation]
 15332 | Lair:3   | Gained mutation: Scrolls take you a little longer to read. [potion of mutation]
 15332 | Lair:3   | Gained mutation: Your mind is acute. (Int +2) [potion of mutation]
 15332 | Lair:3   | Gained mutation: You are agile. (Dex +2) [potion of mutation]
 15804 | Lair:4   | Reached skill level 5 in Armour
 16050 | Lair:4   | Noticed Kirke
 16639 | Lair:4   | Learned a level 4 spell: Olgreb's Toxic Radiance
 16747 | Lair:4   | Killed from afar by a lindwurm

Vault maps used:
D:1:      minmay_arrival_solitary_statue, minmay_misc_feat_four_crosses
D:2:      first_bread, minmay_misc_feat_five, minmay_octomino_j4
D:3:      marbit_many_paths, cheibrodos_gnoll_hut, uniq_crazy_yiuf_cottage,
          uniq_jessica, uniq_ijyb
D:4:      old_standard_altar, temple_statues, gup_sewer_entry_pipe,
          kennysheep_generic_room_5
D:5:      xom_butterflies, gammafunk_temple_overflow_claw, serial_shops,
          nicolae_shop_trees, nicolae_ru_path_of_blood
D:7:      kennysheep_steamy, lemuel_doored_altar, the_bakery
D:8:      chei_slow_surprise, uniq_maurice
D:9:      elyvilon_altar_5, lair_entry_dummy
D:10:     nicolae_qazlal_eye_of_the_storm
D:11:     hiddenorc2_lemuel, lab_entry_generic
Temple:   eino_narrow_crystal_temple
Lair:2:   infiniplex_staircase_pool
Lair:3:   swamp_mist, guppyfry_snake_entry_island, uniq_urug
Lair:4:   hangedman_lair_generics_rect, grunt_megastairs_3, uniq_kirke

Skill      XL: |  1  2  3  4  5  6  7  8  9 10 11 12 |
---------------+-------------------------------------+-----
Fire Magic     | 4 5 6 7 8 9 10 | 10.4
Spellcasting   | 3 4 5 6 7 8 9 |  9.7
Conjurations   | 2 3 4 5 6 7 8 9 |  9.8
Fighting       | 1 2 4 6 7 8 |  8.8
Staves         | 3 5 7 8 |  8.0
Armour         | 4 5 |  5.6
Dodging        | |  1.5
Stealth        | |  2.1
Evocations     | |  0.1

Action                   |  1- 3 |  4- 6 |  7- 9 | 10-12 || total
-------------------------+-------+-------+-------+-------++-------
Melee: Club              |    15 |       |       |       ||    15
       Unarmed           |     3 |       |       |       ||     3
       Short sword       |       |   226 |     4 |       ||   230
       Quarterstaff      |       |       |   105 |   100 ||   205
       Staff             |       |       |       |    78 ||    78
 Cast: Flame Tongue      |    70 |    57 |   147 |   211 ||   485
       Conjure Flame     |     1 |     5 |     4 |     4 ||    14
       Sticky Flame      |       |       |    39 |    87 ||   126
       Fireball          |       |       |     3 |    51 ||    54
       Iskenderun's Myst |       |       |       |     5 ||     5
 Abil: Evoke Berserk Rag |       |     3 |     1 |     1 ||     5
Evoke: Wand              |       |       |     4 |       ||     4
  Use: Potion            |       |     1 |       |     2 ||     3
       Scroll            |       |       |    13 |    19 ||    32
 Stab: Sleeping          |       |     1 |       |       ||     1
       Paralysed         |       |       |     1 |       ||     1
       Petrifying        |       |       |       |     1 ||     1
  Eat: Chunk             |     4 |     5 |    13 |    23 ||    45
       Bread ration      |       |     1 |     3 |     5 ||     9
       Fruit             |       |       |     1 |     1 ||     2
Armor: Robe              |    18 |    87 |    73 |    56 ||   234
       Steam dragon scal |       |       |       |   128 ||   128
Dodge: Dodged            |    40 |   173 |   118 |   163 ||   494

Table legend:
 A = Spawn XP
 B = Non-spawn XP
 C = Spawn XP percentage of total XP
 D = Spawn monster count
 E = Non-spawn monster count
 F = Spawn count percentage of total count
 G = Total turns spent on level
                    A         B        C        D         E        F      G
               +---------+---------+-------+---------+---------+-------+---------
         Total |       0 |   28997 |   0.0 |       0 |     329 |   0.0 | 16747
               +---------+---------+-------+---------+---------+-------+---------
           D:1 |       0 |      37 |   0.0 |       0 |      22 |   0.0 |  1082
           D:2 |       0 |     155 |   0.0 |       0 |      24 |   0.0 |  1771
           D:3 |       0 |     540 |   0.0 |       0 |      34 |   0.0 |  1342
           D:4 |       0 |     498 |   0.0 |       0 |      21 |   0.0 |   607
           D:5 |       0 |     468 |   0.0 |       0 |       9 |   0.0 |  1101
           D:6 |       0 |    1883 |   0.0 |       0 |      34 |   0.0 |  1284
           D:7 |       0 |    1377 |   0.0 |       0 |      23 |   0.0 |  1432
           D:8 |       0 |     104 |   0.0 |       0 |       2 |   0.0 |    97
           D:9 |       0 |    1107 |   0.0 |       0 |      17 |   0.0 |  1169
          D:10 |       0 |    3626 |   0.0 |       0 |      35 |   0.0 |  1538
          D:11 |       0 |     495 |   0.0 |       0 |      28 |   0.0 |   313
        Lair:1 |       0 |    6294 |   0.0 |       0 |      27 |   0.0 |  1473
        Lair:2 |       0 |    1515 |   0.0 |       0 |       8 |   0.0 |  1117
        Lair:3 |       0 |    5808 |   0.0 |       0 |      23 |   0.0 |  1423
        Lair:4 |       0 |    5090 |   0.0 |       0 |      22 |   0.0 |   829
               +---------+---------+-------+---------+---------+-------+---------
